Description

5 min timing attack with hellbat cyclone. ENd or transition into mech or continue battlemech.

Replay - Para Site LE (TvZ) hellbat cyclone Benchmark

Build Order

Get SALT Encoding   

  12  0:00  SCV  
  13  0:12  SCV  
  14  0:16  Supply Depot  
  14  0:25  SCV  
  15  0:31  Refinery  
  15  0:38  SCV  
  16  0:44  Barracks  
  16  0:50  SCV  
  17  1:02  SCV  
  18  1:14  SCV  
  19  1:31  Orbital Command, Reaper  
  20  1:41  Command Center  
  20  1:52  Factory  
  20  1:56  SCV  
  21  2:06  Refinery  
  21  2:08  SCV  
  21  2:09  Barracks Reactor  
  21  2:14  Supply Depot  
  22  2:20  SCV  
  24  2:41  Factory  
  24  2:50  Hellion x2  
  29  2:53  Orbital Command  
  29  2:56  Barracks Reactor  
  29  2:58  Barracks Tech Lab  
  30  3:14  Hellion x2  
  38  3:34  Supply Depot  
  38  3:35  Hellion x2  
  38  3:38  Cyclone  
  46  3:47  Supply Depot  
  46  3:58  Cyclone, Mag-Field Accelerator  
  52  4:03  Armory  
  53  4:10  Hellion x2  
  57  4:21  Supply Depot  
  58  4:29  Hellion  
  62  4:43  Cyclone  
  66  4:54  Command Center  
  68  5:08  Refinery x2  
  68  5:09  Barracks Tech Lab  
  68  5:13  Factory  
  68  5:15  Armory  
  68  5:18  Terran Vehicle And Ship Armor Level 1  
  68  5:19  Hellion  
  75  5:37  Cyclone  
  85  6:00  Barracks Tech Lab  
  86  6:11  Cyclone x2  
  98  6:25  Factory x2  
  99  6:28  Barracks Tech Lab  
  99  6:31  Infernal Pre-Igniter  
  104  6:35  Orbital Command  
  106  6:43  Terran Vehicle Weapons Level 1  
  106  6:50  Refinery x2  
  106  6:51  Cyclone  
  117  7:18  Cyclone  
  127  7:24  Cyclone x2  
  165  8:33  Starport  
  168  8:34  Engineering Bay  
  173  8:44  Barracks Tech Lab  
  173  8:50  Starport Reactor  
Spawning Tool Build Advisor. Get it on Overwolf

Analysis

Do not lose cyclones. Continue pressure as you transition or macro.

Go to:

Details

  • Created by: silverhorn  
  • Published on: Jan 08, 2019
  • Modified on: Jan 08, 2019
  • Patch: 4.7.1
Show
View Real Time Build Order
Export as new Build Order

Comments (0)

There are no comments. Be the first!

Create an account to comment!